AoeStats
← KU3K - Prince Charles

Nomad

509632712Analyzed
4v4 RM · 4d ago on Sep 27, 2026· 42m 37s· 8 players
Game mode
Random Map
Map size
231×231
Population
200
Speed
Normal
Resources
Standard
Victory
Conquest
Starting age
Dark Age
Ending age
Imperial Age
RankedLock teamsTeams togetherTeam positionsShared explorationLock speedFull tech treeHidden civsTurbo modeCheats
Victory
Defeat
🇭🇰 Franks · Hong Kong SAR China
1158
+15
🇭🇰 Jurchens · Hong Kong SAR China
1158
+15
🇭🇰 Britons · Hong Kong SAR China
1158
+15
🇭🇰 Vietnamese · Hong Kong SAR China
1157
+15
🇨🇳 Wei · China
1167
-16
🇨🇳 Saxons · China
1151
-17
🇨🇳 Portuguese · China
1140
-15
🇨🇳 Franks · China
1055
-12
subaru
8:31 Loom
13:58 Feudal Age
14:25 Double-Bit Axe
17:11 Wheelbarrow
20:24 Fletching
20:59 Gold Mining
20:59 Stone Mining
24:35 Castle Age
23:39 Scale Barding Armor
24:51 Forging
29:31 Iron Casting
33:22 Bloodlines
37:53 Gold Shaft Mining
40:20 Imperial Age
37:45 Horse Collar
41:19 Imperial Age
39:18 Hand Cart
39:43 Bow Saw
41:19 Bodkin Arrow
41:24 Padded Archer Armor
41:48 Chain Barding Armor
42:02 Thumb Ring
42:59 Parthian Tactics
42:41 Bracer
42:52 Heavy Plow
We lost everything!
11:14 Loom
13:51 Feudal Age
20:09 Castle Age
20:25 Double-Bit Axe
20:33 Gold Mining
20:38 Stone Mining
21:26 Husbandry
22:27 Bow Saw
31:46 Scale Barding Armor
31:52 Forging
31:33 Fletching
35:32 Imperial Age
34:11 Gold Shaft Mining
35:39 Iron Casting
35:25 Chain Barding Armor
35:01 Bodkin Arrow
35:32 Ballistics
35:08 Murder Holes
37:41 Blast Furnace
37:48 Chemistry
36:51 Cavalier
40:15 Conscription
39:59 Chivalry
40:12 Siege Engineers
40:19 Masonry
42:08 Paladin
yangyang
7:10 Loom
14:22 Feudal Age
20:06 Castle Age
21:06 Scale Barding Armor
23:32 Chain Barding Armor
25:05 Bloodlines
25:08 Forging
28:52 Double-Bit Axe
35:22 Iron Casting
34:51 Scale Mail Armor
34:26 Pikeman
34:51 Gambesons
34:51 Arson
36:09 Horse Collar
43:01 Imperial Age
42:06 Wheelbarrow
42:28 Stone Mining
42:28 Gold Mining
MerDE
5:28 Loom
14:01 Feudal Age
14:35 Double-Bit Axe
19:15 Castle Age
17:03 Horse Collar
17:46 Scale Mail Armor
18:08 Arson
18:36 Forging
19:56 Heavy Plow
21:35 Bow Saw
24:31 Wheelbarrow
25:19 Chain Mail Armor
25:38 Stone Mining
28:10 Iron Casting
28:05 Hand Cart
27:53 Town Watch
28:39 Squires
30:26 Gold Mining
32:09 Gold Shaft Mining
34:29 Imperial Age
33:31 Fletching
34:12 Town Patrol
34:45 Elite Varangian Guard
35:58 Plate Mail Armor
35:14 Shield Wall
36:46 Bodkin Arrow
37:34 Capped Ram
39:03 Conscription
39:19 Hoardings
39:35 Siege Ram
40:28 Elite Hearth Troop
KU3K - Gump
5:30 Loom
13:27 Feudal Age
18:45 Castle Age
16:36 Double-Bit Axe
17:06 Fletching
18:51 Padded Archer Armor
19:51 Crossbowman
20:29 Bodkin Arrow
21:58 Wheelbarrow
24:14 Scale Mail Armor
24:00 Horse Collar
34:46 Gold Mining
34:46 Stone Mining
40:41 Imperial Age
38:18 Town Watch
38:56 Pikeman
39:52 Chain Mail Armor
41:01 Gold Shaft Mining
41:01 Ballistics
41:18 Leather Archer Armor
42:22 Conscription
42:18 Bracer
42:46 Conscription
42:59 Ring Archer Armor
42:56 Heavy Plow
KU3K - Grace
5:12 Loom
14:01 Feudal Age
19:06 Castle Age
24:37 Wheelbarrow
23:55 Double-Bit Axe
24:21 Gold Mining
24:21 Stone Mining
24:47 Bow Saw
27:48 Hand Cart
30:53 Imperial Age
28:41 Town Watch
28:40 Horse Collar
30:31 Ballistics
31:16 Elite Rattan Archer
33:53 Chemistry
32:58 Padded Archer Armor
32:48 Fletching
33:56 Paper Money
33:57 Leather Archer Armor
35:04 Two-Man Saw
35:11 Bodkin Arrow
35:56 Bracer
36:27 Ring Archer Armor
38:24 Forging
38:14 Scale Mail Armor
37:41 Pikeman
38:22 Squires
38:13 Halberdier
40:25 Iron Casting
40:06 Chain Mail Armor
41:04 Town Patrol
43:04 Plate Mail Armor
KU3K - Prince Charles
6:13 Loom
13:51 Feudal Age
14:21 Double-Bit Axe
18:48 Castle Age
17:50 Gold Mining
17:44 Horse Collar
18:34 Stone Mining
19:50 Bow Saw
23:42 Bloodlines
24:32 Husbandry
28:44 Wheelbarrow
28:38 Scale Barding Armor
30:17 Hand Cart
32:18 Chain Barding Armor
33:27 Heavy Plow
34:05 Fortified Wall
35:23 Forging
38:33 Imperial Age
38:39 Elite Steppe Lancer
39:42 Conscription
41:38 Two-Man Saw
42:09 Plate Barding Armor
40:59 Capped Ram
42:48 Chemistry
42:36 Fortified Bastions
43:20 Iron Casting
KU3K - sAmple
3:27 Loom
13:20 Feudal Age
14:21 Double-Bit Axe
18:33 Castle Age
23:03 Gold Mining
24:18 Wheelbarrow
23:30 Town Watch
28:29 Gold Shaft Mining
27:45 Stone Mining
30:35 Imperial Age
28:58 Scale Mail Armor
29:09 Forging
29:59 Squires
29:48 Arson
32:32 Elite Throwing Axeman
34:52 Fortified Wall
35:50 Chemistry
35:47 Iron Casting
36:38 Ballistics
37:53 Chain Mail Armor
38:39 Blast Furnace
37:32 Gambesons
40:06 Cavalier
40:47 Husbandry
42:00 Conscription
42:26 Hoardings
Connection lost

Rejoining the realm…

Still unreachable

The connection could not be restored.

Session expired

The server has moved on; the page needs a fresh start.